 Dungeon Crawl Stone Soup version 0.20.1-1-g8b1a95d (webtiles) character file.

90199 equalderp2856 the Severer (level 15, -4/138 HPs)
             Began as a Minotaur Fighter on Oct 16, 2017.
             Slain by an orc warrior
             ... wielding a cursed -3 halberd
             ... summoned by an orange crystal statue
              (14 damage)
             ... on level 2 of the Orcish Mines.
             The game lasted 01:35:45 (40216 turns).

equalderp2856 the Severer (Minotaur Fighter)       Turns: 40216, Time: 01:35:46

Health: -4/138     AC: 28    Str: 24      XL:     15   Next: 51%
Magic:  0/21       EV: 11    Int:  4 (8)  God:
Gold:   1288       SH: 15    Dex: 13      Spells: 20/23 levels left

rFire    + + .     SeeInvis .   W - +0 hand axe (vamp)
rCold    . . .     Gourm    .   c - +1 shield
rNeg     . . .     Faith    .   k - +1 plate armour {rF+}
rPois    +         Spirit   +   C - +2 hat
rElec    +         Reflect  .   M - +2 cloak {rPois}
rCorr    .         Harm     .   m - +2 pair of gloves {Str+3}
MR       ++...                  l - +0 pair of boots "Zonaas" {rElec rF+}
Stlth    ..........             y - amulet of guardian spirit
Regen    0.4/turn               S - ring of protection from magic
MPRegen  0.2/turn               h - ring of flight

@: no status effects
A: retaliatory headbutt, horns 2
a: Evoke Flight


You were on level 2 of the Orcish Mines.
You were not hungry.

You visited 3 branches of the dungeon, and saw 20 of its levels.
You also visited: Ossuary.

You collected 1985 gold pieces.
You spent 697 gold pieces at shops.

Inventory:

Hand Weapons
 a - a +1 war axe of flaming
 b - a +2 trident of freezing
 w - a +1 war axe of pain
 x - the +3 hand crossbow of the Curious Realms {velocity, rC- Dex+6}
   (You bought it in a shop on level 2 of the Orcish Mines)

   Any bolt fired from it inflicts extra damage.
   It affects your dexterity (+6).
   It makes you vulnerable to cold.
 O - a +0 trident
 W - a +0 vampiric hand axe (weapon)
Armour
 c - a +1 shield (worn)
 g - a cursed +0 large shield
 k - a +1 plate armour of fire resistance (worn)
 l - the +0 pair of boots "Zonaas" (worn) {rElec rF+}
   (You bought it in a shop on level 2 of the Orcish Mines)

   It protects you from fire.
   It insulates you from electricity.
 m - a +2 pair of gloves of strength (worn)
 C - a +2 hat (worn)
 E - a +0 hat of intelligence
 H - a +3 chain mail of cold resistance
 M - a +2 cloak of poison resistance (worn)
 X - a +0 pair of gloves
 Y - a +0 plate armour
Jewellery
 h - a ring of flight (right hand)
 q - an uncursed ring of see invisible
 u - an uncursed ring of poison resistance
 y - an amulet of guardian spirit (around neck)
 Q - an uncursed ring of ice
 S - a ring of protection from magic (left hand)
 T - an uncursed amulet of the gourmand
Wands
 o - a wand of confusion (0/48)
 G - a wand of digging (10/24)
Scrolls
 i - 10 scrolls of remove curse
 j - 5 scrolls of magic mapping
 p - 2 scrolls of fear
 A - 3 scrolls of fog
 B - a scroll of identify
 F - 7 scrolls of teleportation
 L - 2 scrolls of summoning
 R - 2 scrolls of acquirement
Potions
 d - 3 potions of might
 e - a potion of agility
 r - 4 potions of flight
 v - 2 potions of haste
 z - 10 potions of curing
 D - 4 potions of resistance
 I - 2 potions of invisibility
 K - 2 potions of ambrosia
 V - 2 potions of berserk rage {unknown}
 Z - 2 potions of cancellation
Miscellaneous
 J - a lightning rod (inert)
Comestibles
 f - 24 bread rations
 n - 27 fruits
 t - 11 meat rations


   Skills:
 + Level 14.0 Fighting
 + Level 17.5(17.7) Axes
 + Level 4.2(12.5) Polearms
 + Level 14.2 Armour
 + Level 7.0 Dodging
 + Level 2.3 Stealth
 + Level 15.1 Shields
 * Level 4.8 Spellcasting
 + Level 1.6 Evocations


You had 20 spell levels left.
You knew the following spells:

 Your Spells              Type           Power        Failure   Level  Hunger
a - Animate Skeleton      Necr           N/A          96%         1    ##.....
b - Confusing Touch       Hex            #.....       96%         1    ##.....
c - Summon Small Mammal   Summ           #...         96%         1    ##.....


Dungeon Overview and Level Annotations

Branches:
Dungeon (12/15)            Temple (0/1) D:7            Lair (6/6) D:10
  Swamp (0/4) Lair:3       Spider (0/4) Lair:2        Slime (0/5) Lair:6
    Orc (2/2) D:10            Elf (0/3) Orc:2

Altars:
Ashenzari
Dithmenos
Fedhas
Sif Muna
Beogh

Shops:
Orc:2 :[!(*

Annotations:
D:3 1 runed door
D:10 exclusion: door
Orc:2 1 runed door, exclusion: 3 orange crystal statues


Innate Abilities, Weirdness & Mutations

You reflexively headbutt those who attack you in melee.
You have a pair of horns on your head.


Message History

You block the orc warrior's attack. The orc hits you with a flail.
* * * LOW HITPOINT WARNING * * *
The orange crystal statue fixes its piercing gaze on you. x2
The orc warrior hits you but does no damage.
Unknown command.
Unknown command.
Unknown command.
Unknown command.
Unknown command.
Unknown command.
Okay, then.
Okay, then.
You feel much better. You block the orc knight's attack.
The orc warrior hits you but does no damage.
The orc warrior hits you with a hand axe!
* * * LOW HITPOINT WARNING * * *
The orange crystal statue fixes its piercing gaze on you. x2
You block the orc warrior's attack.
The orc warrior hits you from afar with a halberd!
You die...

......#..##......................
#......###....####+####..#......#
#.....#####...#8.....8#.###......
......#.###...#.#...#.#.###.#....
.........###..#ooo....#.##...#.#.
#.#.......##.)#oooo...#.###.#....
.........##...#o.Too..#.# ####...
........##.#..#o#o.o#.#.# #...
........#.....#o@ooo.8#.# ##.#
..............####o####.## ###
.................o.......##
..........................#
...............#..........##
..............#.#..........#
..................#.#.....##
...................###...##
..................###...##


You could see 3 orange crystal statues, an orc knight, a troll, 5 orc warriors,
2 orc priests, an orc wizard and 7 orcs.

Vanquished Creatures
  Gastronok (D:9)
  2 orc warlords
  A stone giant (Orc:1)
  A dire elephant (Lair:5)
  An ettin (Orc:2)
  A fire dragon (Lair:6)
  Harold (D:11)
  The ghost of Ymberto the Thaumaturge, a journeyman DEFE of Sif Muna (D:12)
  8 hydras
  5 two-headed ogres
  An orc high priest (Orc:2)
  4 skeletal warriors
  A swamp dragon (Lair:6)
  Pikel (D:5)
  An orange crystal statue (Orc:2)
  2 unseen horrors
  A deep elf mage (D:6)
  A necromancer (Lair:3)
  The ghost of raikaria the Blocker, a novice FoFi of Okawaru (D:5)
  5 orc knights (Orc:2)
  3 orc sorcerers (Orc:2)
  3 wolf spiders
  The ghost of raikaria the Chopper, a novice FoEE of Okawaru (Ossuary)
  3 manticores
  An ugly thing (D:10)
  2 oklob plants (D:12)
  16 elephants
  3 black mambas
  18 spiny frogs
  2 gargoyles (D:12)
  A torpor snail (Lair:6)
  10 komodo dragons
  3 kobold demonologists (D:12)
  10 rime drakes
  7 trolls
  2 jumping spiders (Lair:1)
  10 polar bears (Lair:6)
  A hornet (D:11)
  Grinder (D:3)
  7 hippogriffs
  2 raiju (Lair:6)
  15 blink frogs
  17 dream sheep
  A spriggan (D:9)
  A wyvern (Lair:4)
  Eustachio (D:4)
  Sigmund (D:3)
  9 basilisks
  29 yaks
  A steam dragon (Lair:6)
  2 hungry ghosts
  7 wargs
  Edmund (D:5)
  Duvessa (D:6)
  10 water moccasins
  3 acid dragons
  14 hell hounds (Lair:6)
  13 porcupines
  4 swamp drakes
  3 sky beasts
  2 ice beasts (D:12)
  14 black bears
  29 orc warriors
  A necrophage (D:5)
  The ghost of feelmyfire the Ruffian, an amateur DrTm (D:4)
  9 ogres
  3 phantoms
  32 wolves
  18 crocodiles
  7 centaurs
  3 big kobolds
  18 bullfrogs
  Blork the orc (D:6)
  A wyvern zombie (D:6)
  4 scorpions
  A wyvern skeleton (D:10)
  Dowan (D:6)
  15 killer bees
  3 howler monkeys (D:7)
  4 wights
  2 bullfrog zombies
  3 crimson imps
  4 centaur zombies
  23 orc priests
  4 centaur skeletons
  4 hounds
  13 jellies (Lair:6)
  A bullfrog skeleton (D:12)
  Jessica (D:3)
  4 iguanas
  27 orc wizards
  10 worker ants
  A polar bear simulacrum (Lair:3)
  4 yak simulacra (Lair:3)
  4 wolf simulacra (Lair:3)
  3 big kobold zombies (Ossuary)
  2 hound zombies
  A hound skeleton (D:10)
  5 mummies (Ossuary)
  A worker ant zombie (D:11)
  10 gnolls
  14 adders
  4 shadow imps
  2 oozes (Lair:6)
  A worm zombie (D:8)
  An adder zombie (D:10)
  3 adder skeletons
  2 worms
  9 dart slugs
  3 leopard geckos
  72 orcs
  8 bats
  8 giant cockroaches
  7 goblins
  13 hobgoblins
  10 jackals
  7 quokkas
  A ball python (D:4)
  3 frilled lizards
  2 hobgoblin zombies
  20 kobolds
  A kobold zombie (Ossuary)
  A leopard gecko zombie (D:7)
  2 orc zombies (Ossuary)
  A quokka zombie (D:6)
  3 rats (D:1)
  2 rat zombies (D:8)
  2 river rat simulacra (Lair:3)
  8 fungi
  5 plants
788 creatures vanquished.

Vanquished Creatures (collateral kills)
  Sonja (Lair:1)
  A crocodile (Lair:1)
2 creatures vanquished.

Vanquished Creatures (others)
  A hell hound (Lair:6)
  2 slaves (D:5)
  An orc wizard (Orc:2)
  A worker ant (D:5)
  A gnoll (D:5)
  A bush (Lair:5)
  27 fungi
  29 plants
63 creatures vanquished.

Grand Total: 853 creatures vanquished

Notes
Turn   | Place    | Note
-------+----------+-------------------------------------------
     0 | D:1      | equalderp2856 the Minotaur Fighter began the quest for the Orb.
     0 | D:1      | Reached XP level 1. HP: 19/19 MP: 0/0
   132 | D:1      | Reached XP level 2. HP: 27/27 MP: 1/1
   725 | D:2      | Reached XP level 3. HP: 32/33 MP: 2/2
   726 | D:2      | Reached skill level 3 in Axes
  1451 | D:3      | Reached XP level 4. HP: 40/40 MP: 3/3
  1492 | D:3      | Noticed Sigmund
  1514 | D:3      | Killed Sigmund
  1514 | D:3      | Reached skill level 4 in Axes
  1514 | D:3      | Reached skill level 1 in Dodging
  1514 | D:3      | Reached XP level 5. HP: 24/47 MP: 4/4
  1833 | D:3      | Noticed Grinder
  1841 | D:3      | Noticed Jessica
  1845 | D:4      | Noticed Eustachio
  1845 | D:4      | Noticed an ogre
  1861 | D:4      | Reached skill level 5 in Armour
  1885 | D:5      | Entered Level 5 of the Dungeon
  2180 | D:5      | Reached XP level 6. HP: 53/53 MP: 5/5
  2309 | D:5      | Reached skill level 5 in Shields
  2313 | D:5      | Reached skill level 5 in Axes
  2360 | D:5      | Reached skill level 5 in Fighting
  2610 | D:5      | Noticed raikaria's ghost (novice FoFi)
  2792 | D:4      | Reached XP level 7. HP: 61/61 MP: 6/6
  2837 | D:4      | Noticed feelmyfire's ghost (amateur DrTm)
  2912 | D:3      | Found a runed door.
  3131 | D:3      | Killed Jessica
  3131 | D:3      | Reached skill level 6 in Axes
  3334 | D:3      | Paralysed by Grinder for 6 turns
  3341 | D:3      | Killed Grinder
  3984 | D:4      | Killed feelmyfire's ghost
  3984 | D:4      | Reached skill level 7 in Axes
  4182 | D:4      | Reached XP level 8. HP: 56/69 MP: 7/7
  4435 | D:4      | Killed Eustachio
  4435 | D:4      | Reached skill level 8 in Axes
  4773 | D:4      | Found a shadowy altar of Dithmenos.
  5579 | D:5      | Found a shattered altar of Ashenzari.
  5588 | D:5      | Saw a vision of the Swamp and the Spider Nest.
  5588 | D:5      | Noticed a wolf spider
  5588 | D:5      | Noticed an alligator
  5588 | D:5      | Noticed an alligator
  5707 | D:5      | Noticed Pikel
  5729 | D:5      | Killed Pikel
  5729 | D:5      | Reached skill level 9 in Axes
  6321 | D:5      | Noticed Edmund
  6350 | D:5      | Killed Edmund
  6350 | D:5      | Reached XP level 9. HP: 72/78 MP: 8/8
  6390 | D:5      | Reached skill level 1 in Stealth
  6731 | D:5      | Killed raikaria's ghost
  7034 | D:6      | Reached skill level 10 in Axes
  7406 | D:6      | You fall through a shaft for 2 floors!
  7507 | D:8      | Found a sand-covered staircase.
  7524 | Ossuary  | Entered an ossuary
  7528 | Ossuary  | Noticed raikaria's ghost (novice FoEE)
  7547 | Ossuary  | Killed raikaria's ghost
  8324 | D:6      | Reached skill level 11 in Axes
  8875 | D:7      | Reached XP level 10. HP: 68/88 MP: 9/9
  9134 | D:7      | Found a staircase to the Ecumenical Temple.
  9536 | D:8      | Noticed a two-headed ogre
  9546 | D:8      | Killed a two-headed ogre
 10232 | D:9      | Noticed Gastronok
 10428 | D:9      | Reached skill level 12 in Axes
 11305 | D:6      | Noticed Blork the orc
 11322 | D:6      | Killed Blork the orc
 11380 | D:6      | Noticed a deep elf mage
 11402 | D:6      | Killed a deep elf mage
 11733 | D:6      | Noticed Duvessa
 11734 | D:6      | Noticed Dowan
 11752 | D:6      | Killed Dowan
 11756 | D:6      | Killed Duvessa
 11880 | D:6      | Reached XP level 11. HP: 95/95 MP: 10/10
 12567 | D:8      | Noticed a two-headed ogre
 12591 | D:8      | Killed a two-headed ogre
 12591 | D:8      | Reached skill level 13 in Axes
 12966 | D:10     | Entered Level 10 of the Dungeon
 13747 | D:10     | Found a staircase to the Orcish Mines.
 13803 | D:10     | Found a staircase to the Lair.
 13861 | D:10     | Found a deep blue altar of Sif Muna.
 13988 | D:10     | Noticed an unseen horror
 14006 | D:10     | Killed an unseen horror
 14213 | D:10     | Reached skill level 10 in Armour
 14276 | D:10     | Noticed a two-headed ogre
 14298 | D:10     | Killed a two-headed ogre
 14958 | D:11     | Noticed a cyan ugly thing
 15281 | D:11     | Noticed Harold
 15307 | D:11     | Killed Harold
 15307 | D:11     | Reached skill level 10 in Shields
 15973 | Lair:1   | Entered Level 1 of the Lair of Beasts
 16034 | Lair:1   | Noticed Sonja
 16049 | Lair:1   | Killed Sonja
 16049 | Lair:1   | Reached skill level 14 in Axes
 16320 | Lair:1   | Identified a scroll of acquirement
 16426 | D:11     | Reached skill level 5 in Dodging
 16766 | D:10     | Killed a cyan ugly thing
 17393 | D:12     | Noticed a skeletal warrior
 17393 | D:12     | Noticed a skeletal warrior
 17394 | D:12     | Noticed a skeletal warrior
 17418 | D:11     | Killed a skeletal warrior
 17418 | D:11     | Reached XP level 12. HP: 78/106 MP: 11/11
 17795 | D:12     | Reached skill level 10 in Fighting
 18147 | D:12     | Noticed Ymberto's ghost (journeyman DEFE)
 18310 | D:12     | Killed Ymberto's ghost
 18641 | D:12     | Reached skill level 1 in Evocations
 19088 | D:12     | Reached skill level 15 in Axes
 19199 | D:12     | Found a blossoming altar of Fedhas.
 19848 | D:11     | Learned a level 1 spell: Animate Skeleton
 19850 | D:11     | Learned a level 1 spell: Confusing Touch
 19852 | D:11     | Learned a level 1 spell: Summon Small Mammal
 20116 | Lair:1   | Noticed a five-headed hydra
 20972 | D:10     | Noticed a two-headed ogre
 20984 | D:10     | Killed a two-headed ogre
 21529 | D:9      | Killed Gastronok
 21529 | D:9      | Reached XP level 13. HP: 97/116 MP: 12/12
 21971 | Lair:2   | Reached skill level 16 in Axes
 22827 | Lair:2   | Found a hole to the Spider Nest.
 24005 | Lair:3   | Found a staircase to the Swamp.
 24084 | Lair:3   | Reached skill level 1 in Polearms
 27310 | Lair:5   | Reached skill level 1 in Spellcasting
 27310 | Lair:5   | Reached XP level 14. HP: 75/127 MP: 7/14
 29149 | Lair:6   | Entered Level 6 of the Lair of Beasts
 32008 | Lair:6   | Found a staircase to the Slime Pits.
 32271 | Lair:6   | Reached skill level 17 in Axes
 33972 | Lair:6   | Reached XP level 15. HP: 131/136 MP: 19/19
 35116 | Orc:1    | Entered Level 1 of the Orcish Mines
 35328 | Orc:2    | Entered Level 2 of the Orcish Mines
 35328 | Orc:2    | Found a runed door.
 35345 | Orc:2    | Found a staircase to the Elven Halls.
 35390 | Orc:2    | Found a runed door.
 35592 | Orc:2    | Found Uschorua's Distillery.
 37560 | Orc:2    | Found a roughly hewn altar of Beogh.
 37581 | Orc:2    | Reached skill level 15 in Shields
 38231 | Orc:2    | Noticed an orc warlord
 38644 | D:10     | Killed an orc warlord
 39196 | Orc:2    | Found Qountaicac's General Store.
 39259 | Orc:2    | Found Efixurph's Antique Weapon Boutique.
 39422 | Orc:2    | Found Akott's Antique Armour Boutique.
 39454 | Orc:2    | Found Fast's Book Boutique.
 39476 | Orc:2    | Bought a pair of distressingly furry boots for 247 gold pieces
 39476 | Orc:2    | Bought a pair of embroidered gloves for 195 gold pieces
 39482 | Orc:2    | Identified the +0 pair of boots "Zonaas" {rElec rF+} (You bought it in a shop on level 2 of the Orcish Mines)
 39530 | Orc:2    | Bought a warped hand crossbow for 255 gold pieces
 39534 | Orc:2    | Identified the +3 hand crossbow of the Curious Realms {velocity, rC- Dex+6} (You bought it in a shop on level 2 of the Orcish Mines)
 39568 | Orc:2    | Noticed an orc warlord
 39812 | Orc:2    | Killed an orc warlord
 40215 | Orc:2    | HP: 3/138 [orc/flail[an orange crystal statue] (4)]
 40216 | Orc:2    | Slain by an orc warrior

Skill      XL: |  1  2  3  4  5  6  7  8  9 10 11 12 13 14 15 |
---------------+----------------------------------------------+-----
Fighting       | 4 5 6 7 8 9 11 12 13 14 | 14.0
Armour         | 4 5 6 7 9 10 12 13 14 | 14.2
Axes           | 3 4 5 7 9 11 12 14 15 16 17 | 17.5
Shields        | 4 5 6 7 9 10 12 13 14 15 | 15.1
Dodging        | 1 2 3 4 5 6 7 |  7.0
Stealth        | 1 2 |  2.3
Evocations     | 1 |  1.6
Polearms       | 2 4 |  4.2
Spellcasting   | 1 3 4 |  4.8

Action                   |  1- 3 |  4- 6 |  7- 9 | 10-12 | 13-15 || total
-------------------------+-------+-------+-------+-------+-------++-------
Melee: War axe           |    99 |    70 |   379 |   917 |  1598 ||  3063
       Headbutt          |    12 |    13 |    79 |   204 |   430 ||   738
       Trident           |       |       |       |       |   107 ||   107
       Hand axe          |       |       |       |       |     2 ||     2
 Abil: Evoke Flight      |       |       |       |       |     5 ||     5
       Stop Flying       |       |       |       |       |     1 ||     1
Evoke: Wand              |       |       |       |    27 |    10 ||    37
       Lightning rod     |       |       |       |       |     4 ||     4
  Use: Potion            |       |     4 |       |       |     3 ||     7
       Scroll            |       |     1 |     9 |    11 |    10 ||    31
 Stab: Confused          |       |       |       |       |     4 ||     4
  Eat: Chunk             |       |     5 |    19 |    41 |    43 ||   108
       Fruit             |       |       |     2 |       |     7 ||     9
       Royal jelly       |       |       |       |     6 |     3 ||     9
       Meat ration       |       |       |       |       |     2 ||     2
Armor: Scale mail        |    44 |    32 |    29 |       |       ||   105
       Leather armour    |       |       |    12 |       |       ||    12
       Chain mail        |       |       |    70 |   285 |   670 ||  1025
       Acid dragon scale |       |       |       |     8 |       ||     8
       Plate armour      |       |       |       |       |    54 ||    54
Dodge: Dodged            |    33 |    33 |   108 |   238 |   584 ||   996
Block: Shield            |    60 |    32 |   222 |   513 |  1171 ||  1998
